AoeStats
← 潜水吧!奈亚子

Arabia

508545613Analyzed
1v1 RM · 9d ago on Sep 23, 2026· 59m 29s· 2 players
Game mode
Random Map
Map size
Tiny (2 player)
Population
200
Speed
Normal
Resources
Standard
Victory
Conquest
Starting age
Dark Age
Ending age
Imperial Age
RankedLock teamsTeams togetherTeam positionsShared explorationLock speedFull tech treeHidden civsTurbo modeCheats
Victory
Defeat
1093
+14
🇨🇳 Vikings · China
1049
-14
耳朵山的雪妖精
6:36 Loom
9:31 Feudal Age
10:28 Double-Bit Axe
12:49 Horse Collar
18:42 Fletching
21:01 Castle Age
20:09 Gold Mining
21:59 Bodkin Arrow
22:07 Husbandry
22:17 Bloodlines
23:11 Town Watch
24:46 Bow Saw
25:36 Gold Shaft Mining
27:13 Wheelbarrow
29:12 Ballistics
30:27 Padded Archer Armor
32:10 Heavy Plow
33:19 Hand Cart
33:58 Bloodlines
34:15 Leather Archer Armor
38:39 Imperial Age
38:03 Light Cavalry
38:52 Scale Barding Armor
40:32 Chemistry
39:11 Hussar
40:19 Chain Barding Armor
40:10 Forging
43:17 Conscription
42:58 Grand Trunk Road
45:56 Plate Barding Armor
45:56 Iron Casting
45:21 Bracer
45:42 Shatagni
45:13 Hussar
48:06 Ring Archer Armor
53:52 Blast Furnace
57:49 Scale Mail Armor
潜水吧!奈亚子
10:32 Feudal Age
11:37 Double-Bit Axe
12:03 Horse Collar
12:28 Loom
18:46 Castle Age
16:52 Gold Mining
17:51 Scale Mail Armor
19:49 Forging
20:02 Chain Mail Armor
22:24 Arson
22:40 Squires
23:56 Bow Saw
24:37 Heavy Plow
28:23 Fletching
28:33 Padded Archer Armor
29:21 Bodkin Arrow
30:59 Ballistics
32:18 Leather Archer Armor
35:00 Town Watch
42:08 Imperial Age
42:37 Iron Casting
41:58 Crossbowman
43:29 Bracer
43:41 Arbalester
45:42 Conscription
45:16 Pikeman
47:32 Chemistry
47:25 Plate Mail Armor
51:19 Blast Furnace
51:06 Crop Rotation
52:36 Masonry
54:51 Ring Archer Armor
55:56 Murder Holes
56:01 Elite Varangian Guard
Connection lost

Rejoining the realm…

Still unreachable

The connection could not be restored.

Session expired

The server has moved on; the page needs a fresh start.